 Dungeon Crawl Stone Soup version 0.26.0-16-gc1dbca0489 (webtiles) character file.

Game seed: 1169523941994523236

45 thiole the Sneak (level 3, 0/21 HPs)
             Began as an Octopode Hedge Wizard on Jan 21, 2021.
             Slain by a jackal (1 damage)
             ... on level 2 of the Dungeon.
             The game lasted 00:02:11 (1468 turns).

thiole the Sneak (Octopode Hedge Wizard)            Turns: 1468, Time: 00:02:11

Health: 0/21       AC:  1    Str:  9    XL:     3   Next: 64%
Magic:  3/7        EV: 13    Int: 17    God:
Gold:   35         SH:  0    Dex: 11    Spells: 3/8 levels left

rFire    . . .     SeeInvis .   a - +0 dagger
rCold    . . .     Faith    .   (no shield)
rNeg     . . .     Spirit   .   b - +0 hat
rPois    .         Reflect  .   (no amulet)
rElec    .         Harm     .   (no ring)
rCorr    .         Rampage  .   (no ring)
Will     .....                  (no ring)
Stlth    +++.......             (no ring)
HPRegen  0.07/turn              (no ring)
MPRegen  0.10/turn              (no ring)
                                (no ring)
                                (no ring)

@: no status effects
A: almost no armour, stealthy swim, amphibious, 8 rings, constrict 8, camouflage
1, gelatinous body 1
a: no special abilities


You were on level 2 of the Dungeon.
You visited 1 branch of the dungeon, and saw 2 of its levels.

You collected 35 gold pieces.

Inventory:

Hand Weapons
 a - a +0 dagger (weapon)
Armour
 b - a +0 hat (worn)
Jewellery
 c - an uncursed ring of fire {unknown}
Scrolls
 d - 2 scrolls of teleportation {unknown}
 e - a scroll of noise {unknown}
 f - 3 scrolls of identify {unknown}
 g - a scroll of magic mapping {unknown}
 h - a scroll of random uselessness {unknown}


   Skills:
 - Level 2.0 Dodging
 + Level 3.5 Stealth
 + Level 3.2 Spellcasting
 - Level 2.0 Conjurations
 * Level 0.2 Hexes
 - Level 2.0 Summonings
 - Level 1.0 Translocations


You had 3 spell levels left.
You knew the following spells:

 Your Spells              Type           Power        Failure   Level
a - Magic Dart            Conj           36%          8%          1
b - Call Imp              Summ           9%           12%         2
c - Slow                  Hex            3%           24%         2

Your spell library contained the following spells:

 Spells                   Type           Power        Failure   Level
 Blink                    Tloc           N/A          17%         2
 Conjure Flame            Conj/Fire      6%           34%         3
 Mephitic Cloud           Conj/Pois/Air  4%           36%         3


Dungeon Overview and Level Annotations

Branches:
Dungeon (2/15)

Altars:


Innate Abilities, Weirdness & Mutations

You cannot wear most types of armour.
You are very stealthy in the water. (Stealth+)
You are amphibious.
You can wear up to eight rings at the same time.
You can use your tentacles to constrict eight enemies at once.
Your skin changes colour to match your surroundings (Stealth+).
Your rubbery body absorbs attacks. (AC +1, EV +1)


Message History

The jackal bites you but does no damage.
The jackal bites your white imp.
Your white imp hits the jackal but does no damage.
Your white imp barely misses the jackal.
The jackal barely misses you.
The giant cockroach waves its antennae.
You hit the jackal but do no damage. Your grab misses the jackal.
You squeeze the jackal.
The jackal is severely wounded.
The jackal completely misses your white imp.
Your white imp gestures at the jackal.
The puff of frost hits the jackal.
The jackal dies!
Your white imp barely misses the jackal.
The jackal closely misses you.
You hit the jackal. Your grab misses the jackal.
Your squeeze misses the jackal.
The jackal is almost dead.
The jackal bites you.
You die...

..... #..$. #
.##.... .###
...... #...#
#.... ....#
..##... ....?
.....#.###..#
......Bh...#
......55@.##
..##......#
#.....##
#......
#####... ..#.
.##.. # ##


You could see a jackal, a giant cockroach and 2 friendly white imps.

Vanquished Creatures
  A worm (D:1)
  3 dart slugs (D:1)
  A leopard gecko (D:1)
  4 bats (D:1)
  4 goblins (D:1)
  4 hobgoblins (D:1)
  4 jackals (D:1)
  2 kobolds (D:1)
  2 ball pythons (D:1)
  A frilled lizard (D:1)
  3 rats (D:1)
29 creatures vanquished.

Vanquished Creatures (collateral kills)
  3 jackals (D:2)
  A rat (D:2)
4 creatures vanquished.

Grand Total: 33 creatures vanquished

Notes
Turn   | Place    | Note
-------+----------+-------------------------------------------
     0 | D:1      | thiole the Octopode Hedge Wizard began the quest for the
                  | Orb.
     0 | D:1      | Reached XP level 1. HP: 11/11 MP: 4/4
   219 | D:1      | Reached XP level 2. HP: 11/17 MP: 0/6
   278 | D:1      | Learned a level 2 spell: Call Imp
   281 | D:1      | Learned a level 2 spell: Slow
   689 | D:1      | Reached XP level 3. HP: 18/21 MP: 4/7
  1464 | D:2      | HP: 1/21 [jackal (3)]
  1468 | D:2      | Slain by a jackal

Illustrated notes

Levels and vault maps discovered:
D:1:      nzn_arrival_depleted_hourglass, layout_basic,
          minmay_shallow_snake_nest
D:2:      layout_rooms, st_stairs_3, minmay_misc_feat_cross,
          uniq_crazy_yiuf_cottage, uniq_natasha

Skill      XL: |  1  2  3 |
---------------+----------+-----
Stealth        | 3 |  3.5
Conjurations   | 2 |  2.0
Summonings     | 2 |  2.0
Dodging        | |  2.0
Spellcasting   | |  3.2
Hexes          | |  0.2
Translocations | |  1.0

Action                   || total
-------------------------++-------
Melee: Dagger            ||    34
       Constrict         ||    11
       Tentacles         ||    10
 Cast: Magic Dart        ||    53
       Call Imp          ||     2
Armor: Skin              ||     6
Dodge: Dodged            ||    32
